 Dungeon Crawl Stone Soup version 0.26-a0-652-gafc20e3620 (webtiles) character file.

Game seed: 3328428045822156106

(classic levelgen) 1801535 EnegeticOcto the Slayer (level 26, 231/231 HPs)
             Began as a Minotaur Warper on Oct 1, 2020.
             Was a High Priest of Hepliaklqana.
             Escaped with the Orb
             ... and 3 runes!
             The game lasted 01:23:33 (59797 turns).

EnegeticOcto the Slayer (Minotaur Warper)          Turns: 59797, Time: 01:23:33

Health: 231/231    AC: 50    Str: 21      XL:     26   Next: 48%
Magic:  25/31      EV: 14    Int: 10      God:    Hepliaklqana [*****.]
Gold:   1099       SH: 24    Dex:  9 (10) Spells: 27/27 levels left

rFire    + + .     SeeInvis .   b - +9 broad axe (flame)
rCold    + + .     Faith    .   W - +0 tower shield
rNeg     + + .     Spirit   +   B - +9 scales of the Dragon King {rPois rF+ rC+ MR+}
rPois    +         Reflect  .   R - +2 hat of the Bear Spirit {Spirit, +Rage rN+ MR++}
rElec    .         Harm     .   N - +2 cloak {rCorr}
rCorr    +         Rampage  .   H - +2 pair of gloves {archery}
MR       +++++     Rnd*Tele +   s - +2 pair of boots
Stlth    ..........             z - amulet "Leblats" {Acrobat rF+ rC+ MR++ Str-3}
HPRegen  0.48/turn              S - ring of Wunlol {*Contam EV+4 Int+2 Slay+3 Stlth+}
MPRegen  0.22/turn              x - ring of positive energy

@: hasted (expiring), studying Invocations, very quick
A: retaliatory headbutt, reduced essence, horns 2, molten scales 1, clumsy 1,
dopey 1, screaming 2, teleportitis 1, weak 1, evolution 1, no potion heal 1
0: Orb of Zot
}: 3/15 runes: serpentine, barnacled, silver
a: Recall Ancestor, Ancestor Identity, Transference, Idealise, Renounce
Religion, Evoke Berserk Rage


You escaped.
You worshipped Hepliaklqana.
Hepliaklqana was extremely pleased with you.
You visited 9 branches of the dungeon, and saw 49 of its levels.
You visited the Abyss 3 times.
You also visited: Gauntlet.

You collected 7268 gold pieces.
You spent 6169 gold pieces at shops.

Inventory:

Hand Weapons
 b - a +9 broad axe of flaming (weapon)
 Q - the +4 war axe "Zuedixi" {protect, rElec MP+9 Int-2 SInv}
   (You found it in a Gauntlet)

   It grants its wielder temporary protection when it strikes (+7 to AC).
   It affects your intelligence (-2).
   It insulates you from electricity.
   It affects your magic capacity (+9).
   It lets you see invisible.
Missiles
 p - 87 boomerangs
 q - 40 silver javelins (quivered)
 y - 10 silver boomerangs
 V - 37 javelins
 Y - 11 throwing nets {!f}
Armour
 s - a +2 pair of boots (worn)
 B - the +9 scales of the Dragon King (worn) {rPois rF+ rC+ MR+}
   (You bought it in a shop on level 1 of the Depths)

   It protects you from fire.
   It protects you from cold.
   It protects you from poison.
   It affects your resistance to hostile enchantments.
 H - a +2 pair of gloves of archery (worn)
 N - a +2 cloak of preservation (worn)
 R - the +2 hat of the Bear Spirit (worn) {Spirit, +Rage rN+ MR++}
   (You found it on level 5 of the Vaults)

   It protects you from negative energy.
   It affects your resistance to hostile enchantments.
   It lets you go berserk.
 W - a +0 tower shield (worn)
Jewellery
 x - a ring of positive energy (right hand)
 z - the amulet "Leblats" (around neck) {Acrobat rF+ rC+ MR++ Str-3}
   (You found it on level 3 of the Elven Halls)

   [amulet of the acrobat]

   It helps you evade while moving and waiting.
   It affects your strength (-3).
   It protects you from fire.
   It protects you from cold.
   It affects your resistance to hostile enchantments.
 M - the ring of Voawk {+Inv MR+ Int+4 Dex+6 Stlth-}
   (You found it on level 1 of the Depths)

   [ring of dexterity]

   It affects your intelligence (+4).
   It affects your dexterity (+6).
   It affects your resistance to hostile enchantments.
   It lets you turn invisible.
   It makes you less stealthy.
 S - the ring of Wunlol (left hand) {*Contam EV+4 Int+2 Slay+3 Stlth+}
   (You took it off a frost giant on level 2 of the Depths)

   [ring of evasion]

   It affects your evasion (+4).
   It affects your intelligence (+2).
   It affects your accuracy and damage with ranged weapons and melee attacks
   (+3).
   It causes magical contamination when unequipped.
   It makes you more stealthy.
Wands
 c - a wand of enslavement (28)
 m - a wand of polymorph (29)
 r - a wand of digging (28) {@v3}
 t - a wand of paralysis (19)
 C - a wand of iceblast (38) {@v2}
 D - a wand of disintegration (40)
 I - a wand of acid (17) {@v1}
Scrolls
 d - a scroll of blinking {@r4}
 k - 13 scrolls of fear {!r}
 n - 7 scrolls of identify {@r1}
 u - 10 scrolls of fog {!r}
 w - 2 scrolls of holy word
 G - 3 scrolls of vulnerability
 K - 2 scrolls of summoning
 O - 8 scrolls of immolation
 T - 10 scrolls of magic mapping {@r5 !r}
 U - 15 scrolls of teleportation {@r3 !r}
Potions
 a - 14 potions of might {@q3 !q}
 f - 2 potions of heal wounds {@q2 !q}
 g - 5 potions of berserk rage
 h - 5 potions of lignification {@q6}
 i - 7 potions of haste {@q4 !q}
 j - 7 potions of cancellation
 l - 7 potions of flight
 o - 13 potions of curing {@q1 !q}
 v - 3 potions of mutation
 E - a potion of magic
 F - 2 potions of resistance
 L - 6 potions of stabbing {@q5 !q}
 X - 3 potions of invisibility
Books
 J - a manual of Invocations
Miscellaneous
 e - a box of beasts (3/3)
 A - a phial of floods
 P - a tin of tremorstones (3/3)
 Z - a condenser vane (2/2)


   Skills:
 + Level 24.9 Fighting
 - Level 18.0 Axes
 - Level 16.0 Throwing
 + Level 24.5 Armour
 + Level 12.4 Dodging
 + Level 23.5 Shields
 - Level 1.3 Spellcasting
   Level 2.1 Translocations
 + Level 12.8 Invocations
 * Level 15.5 Evocations


You had 27 spell levels left.
You didn't know any spells.
Your spell library contained the following spells:

 Spells                   Type           Power        Failure   Level
 Apportation              Tloc           #.....       91%         1
 Blink                    Tloc           N/A          97%         2
 Animate Skeleton         Necr           #.....       99%         1
 Beastly Appendage        Tmut           #.....       99%         1
 Corona                   Hex            #......      99%         1
 Foxfire                  Conj/Fire      #...         99%         1
 Freeze                   Ice            #...         99%         1
 Magic Dart               Conj           #...         99%         1
 Sandblast                Erth           #.....       99%         1
 Shock                    Conj/Air       #...         99%         1
 Sting                    Tmut/Pois      #...         99%         1
 Summon Small Mammal      Summ           #...         99%         1
 Call Imp                 Summ           #.......     100%        2
 Ensorcelled Hibernation  Hex/Ice        #.....       100%        2
 Passwall                 Tmut/Erth      #.......     100%        2
 Poisonous Vapours        Pois/Air       #.....       100%        2
 Searing Ray              Conj           #.....       100%        2
 Slow                     Hex            #.......     100%        2
 Sublimation of Blood     Necr           #.........   100%        2
 Swiftness                Air            #.......     100%        2
 Confusing Touch          Hex            #.......     100%        3
 Conjure Flame            Conj/Fire      #.......     100%        3
 Dazzling Flash           Conj/Hex       #.....       100%        3
 Frozen Ramparts          Ice            #.....       100%        3
 Gell's Gravitas          Tloc           #.........   100%        3
 Ignite Poison            Fire/Tmut/Pois #.......     100%        3
 Inner Flame              Hex/Fire       #.......     100%        3
 Lesser Beckoning         Tloc           #.........   100%        3
 Mephitic Cloud           Conj/Pois/Air  #.......     100%        3
 Ozocubu's Armour         Ice            #.......     100%        3
 Portal Projectile        Hex/Tloc       #.....       100%        3
 Static Discharge         Conj/Air       #.......     100%        3
 Stone Arrow              Conj/Erth      #.....       100%        3
 Summon Guardian Golem    Hex/Summ       #.......     100%        3
 Teleport Other           Tloc           #.......     100%        3
 Airstrike                Air            #.........   100%        4
 Cause Fear               Hex            #.........   100%        4
 Fulminant Prism          Conj/Hex       #.........   100%        4
 Hailstorm                Conj/Ice       #.......     100%        4
 Ice Form                 Ice/Tmut       #.......     100%        4
 Iskenderun's Mystic Bla  Conj/Tloc      #.......     100%        4
 Leda's Liquefaction      Hex/Erth       #.........   100%        4
 Passage of Golubria      Tloc           N/A          100%        4
 Petrify                  Tmut/Erth      #.......     100%        4
 Summon Ice Beast         Ice/Summ       #.......     100%        4
 Alistair's Intoxication  Tmut/Pois      #........    100%        5
 Bolt of Magma            Conj/Fire/Erth #.........   100%        5
 Borgnjor's Vile Clutch   Necr/Erth      #.........   100%        5
 Irradiate                Conj/Tmut      #.........   100%        5
 Lee's Rapid Deconstruct  Erth           #.........   100%        5
 Lightning Bolt           Conj/Air       #.........   100%        5
 Metabolic Englaciation   Hex/Ice        #.........   100%        5
 Silence                  Hex/Air        #.........   100%        5
 Summon Demon             Summ           #.........   100%        5
 Summon Forest            Summ/Tloc      #.........   100%        5
 Summon Mana Viper        Hex/Summ       #.......     100%        5
 Yara's Violent Unravell  Hex/Tmut       #.........   100%        5
 Eringya's Noxious Bog    Tmut/Pois      #.........   100%        6
 Freezing Cloud           Conj/Ice/Air   #.........   100%        6
 Invisibility             Hex            #.......     100%        6
 Iron Shot                Conj/Erth      #.........   100%        6
 Ozocubu's Refrigeration  Ice            #.........   100%        6
 Shadow Creatures         Summ           N/A          100%        6
 Simulacrum               Ice/Necr       #.........   100%        6
 Statue Form              Tmut/Erth      #........    100%        6
 Spellforged Servitor     Conj/Summ      #.........   100%        7
 Summon Hydra             Summ           #.........   100%        7
 Ignition                 Fire           #.........   100%        8
 Dragon's Call            Summ           #.........   100%        9
 Shatter                  Erth           #.........   100%        9
 Tornado                  Air            #.........   100%        9


Dungeon Overview and Level Annotations

Branches:
Dungeon (15/15)            Temple (0/1) D:7            Lair (6/6) D:11
 Shoals (4/4) Lair:3        Snake (4/4) Lair:4        Slime (0/5) Lair:6
    Orc (2/2) D:11            Elf (3/3) Orc:2        Vaults (5/5) D:13
  Crypt (0/3) Vaults:2     Depths (5/5) D:15            Zot (5/5) Depths:5
Gauntlet (visited)

Altars:
Ashenzari
Cheibriados
Fedhas
Gozag
Hepliaklqana
Kikubaaqudgha
Nemelex Xobeh
Okawaru
Ru
Sif Muna
Trog
Uskayaw
Wu Jian
Xom
Yredelemnul
Zin
Beogh
Jiyva

Shops:
D:10 *   D:11 ([   D:14 }   Orc:2 }=?}   Snake:4 ?}*   Vaults:3 }   Vaults:4 ([
Depths:1 *[[   Depths:2 !:(

Portals:
Hell: Depths:1 Depths:2 Depths:3 Depths:4 Depths:5
Abyss: Depths:4
Pandemonium: Depths:3
Ziggurat: Depths:1
Trove: D:11 (give +4 shadow dragon scales)

Annotations:
D:5 2 transporters, kelmiir's ghost, amateur GrFi
D:8 exclusion: door
D:11 exclusion: oklob plant
Lair:6 2 runed translucent doors, 2 exclusions
Shoals:2 3 runed translucent doors, Omuilom's ghost, journeyman MiGl; Vabbol's ghost, journeyman TrBr
Snake:2 3 runed translucent doors, Jusi's ghost, journeyman DrFE; Luffe's ghost, adept GrFE; TheJester's ghost, journeyman MiBe
Elf:2 3 runed translucent doors
Elf:3 1 runed translucent door, haldagan's ghost, adept KoDe
Zot:5 1 exclusion


Innate Abilities, Weirdness & Mutations

You reflexively headbutt those who attack you in melee.
You have a pair of horns on your head.
Your life essence is reduced to manifest your ancestor. (-10% HP)
You are partially covered in molten scales. (AC +2)
You are clumsy. (Dex -2)
You are dopey. (Int -2)
You sometimes yell uncontrollably at your foes.
You are occasionally teleported next to monsters.
You are weak. (Str -2)
You evolve.
Potions are less effective at restoring your health.


Message History

There is a stone staircase leading up here.
You climb upwards.
There is a stone staircase leading down here.
Things that are here:
a +0 giant club; an ogre skeleton
There is a stone staircase leading up here.
You climb upwards.
HP restored.
There is a stone staircase leading down here.
You hear a grinding noise.
A cacodemon comes into view.
Tawil is recalled.
What are your orders? t - Yell!
Orders for allies: a - Attack new target. r - Retreat! s - Stop attacking. g - Guard the area. f - Follow me.
Anything else - Cancel.
Gang up on whom?
Press: ? - help, Dir - move target cursor, f - cacodemon
Aim: a cacodemon Attack!
A sixfirhy comes into view.
The cacodemon gestures at the rock wall.
You hear a grinding noise.
The sixfirhy moves out of view.
You swap places.
A sixfirhy comes into view.
You yell at the sixfirhy!
Tawil casts a spell.
Tawil seems to speed up.
Tawil hits the cacodemon but does no damage. x2
The sixfirhy hits Tawil!
The sixfirhy shocks Tawil!
The sixfirhy hits Tawil but does no damage.
Tawil casts a spell at the cacodemon.
The sixfirhy suddenly stops moving!
The sixfirhy hits Tawil.
The sixfirhy shocks Tawil!
Tawil hits the sixfirhy but does no damage.
The cacodemon gestures at the rock wall.
You hear a grinding noise.
The sixfirhy hits Tawil but does no damage.
The sixfirhy closely misses Tawil.
Tawil hits the cacodemon but does no damage.
Tawil hits the cacodemon with a +0 antimagic quick blade!!
The cacodemon's magic leaks into the air.
The cacodemon barely misses Tawil.
The cacodemon hits Tawil.
Tawil closely misses the cacodemon.
Tawil hits the cacodemon with a +0 antimagic quick blade!
The cacodemon's magic leaks into the air.
There is a stone staircase leading up here.
You climb upwards.
There is a stone staircase leading down here.
Really quaff
i - 8 potions of haste {@q4 !q}?
You feel yourself speed up.
(D) Dungeon (T) Temple (L) Lair (A) Shoals (P) Snake Pit (M) Slime Pits (O) Orcish Mines (E) Elven Halls (V) Vaults (C) Crypt (U) Depths (H) Hell (Z) Zot
Where to? (Enter - D:1 @ (x,y), ? - help)
An Orb Guardian comes into view.
Evoke which item? (* to show all) (? for menu, Esc to quit)
Aiming: Dig
Press: ? - help, Shift-Dir - straight line, f - you Please select a direction to dig.
This square is covered in magical glow.
Okay, then.
Evoke which item? (* to show all) (? for menu, Esc to quit)
Press: ? - help, Shift-Dir - straight line A rock wall.
This square is covered in magical glow.
The rock shatters into small pieces.
Tawil is recalled.
You swap places.
Evoke which item? (* to show all) (? for menu, Esc to quit)
Press: ? - help, Shift-Dir - straight line A rock wall.
This square is covered in magical glow.
The rock shatters into small pieces.
The Orb Guardian hits Tawil but does no damage.
Tawil barely misses the Orb Guardian.
The Orb Guardian hits Tawil but does no damage.
Tawil hits the Orb Guardian with a +0 antimagic quick blade.
The Orb Guardian hits Tawil!!!
Evoke which item? (* to show all) (? for menu, Esc to quit)
Press: ? - help, Shift-Dir - straight line A rock wall.
This square is covered in magical glow.
The rock shatters into small pieces.
Something hits Tawil!!
Evoke which item? (* to show all) (? for menu, Esc to quit)
Press: ? - help, Shift-Dir - straight line A rock wall.
This square is covered in magical glow.
The rock shatters into small pieces.
Tawil is recalled.
Hepliaklqana grants Tawil healing and protection!
Tawil is healed somewhat.
Your extra speed is starting to run out.
There is a staircase leading out of the dungeon here.
Tawil is recalled.
You have escaped!

♣.....♣ ♣♣.♣♣♣.♣
♣♣...P♣.♣
♣♣♣....♣♣.♣
♣P...⌠.P♣.♣
♣P♣P....♣.♣
#######♣.♣♣P♣....♣
......#♣P♣♣♣♣♣...♣
#####.+........R@♣
###♣♣♣♣♣♣♣♣♣♣♣


You could see the friendly Tawil the hexer (idealised).

Vanquished Creatures
  5 orbs of fire (Zot:5)
  Mennas (Depths:4)
  A juggernaut (Depths:2)
  4 ancient liches
  Frederick (Depths:3)
  2 Killer Klowns (Zot:5)
  A curse toe (Zot:5)
  Nikola (Elf:1)
  7 golden dragons
  the Enchantress (Depths:2)
  A bone dragon (Abyss:3)
  A tentacled monstrosity (Depths:4)
  Rupert (Lair:5)
  2 deep elf master archers (Elf:3)
  7 Orb Guardians
  A deep elf blademaster (Elf:3)
  4 liches
  2 quicksilver dragons
  4 titans
  A tentacled starspawn (Abyss:3)
  A quicksilver dragon (shapeshifter) (Depths:1)
  A kraken (Shoals:4)
  4 sphinxes
  2 thorn hunters (Depths:4)
  4 death cobs (Zot:1)
  Agnes (D:14)
  6 storm dragons
  8 shadow dragons
  10 tengu reavers
  Donald (Orc:1)
  A draconian monk (Zot:1)
  6 nagarajas
  An iron dragon (Depths:4)
  9 frost giants
  11 deep elf sorcerers
  2 draconian knights
  5 vault wardens
  2 cacodemons
  6 fire giants
  A balrug (Abyss:3)
  3 draconian scorchers (Zot:1)
  Aizul (Snake:4)
  3 deep elf elementalists
  12 ironheart preservers
  A draconian stormcaller (Zot:1)
  6 spriggan defenders
  A draconian shifter (Zot:1)
  19 very ugly things
  A war gargoyle (Vaults:5)
  10 deep elf demonologists
  30 stone giants
  A vampire knight (Depths:4)
  3 green draconians
  A black draconian (Depths:5)
  A starcursed mass (Abyss:3)
  Nessos (D:14)
  3 yellow draconians
  3 purple draconians
  A minotaur (Gauntlet)
  10 large abominations
  2 white draconians (Depths:5)
  A spark wasp (shapeshifter) (Depths:5)
  8 deep elf annihilators
  11 ettins
  The ghost of Gexkaukheo the Gelid, a journeyman DEIE of Sif Muna (D:15)
  7 merfolk javelineers
  3 red draconians
  A green death (Abyss:3)
  11 merfolk impalers
  7 deep elf death magi
  A great orb of eyes (shapeshifter) (Vaults:4)
  10 yaktaur captains
  10 fire dragons
  Josephine (Orc:1)
  A crystal guardian (Vaults:5)
  24 vault guards (Vaults:5)
  Harold (Orc:1)
  6 rakshasas
  5 deep elf high priests
  15 hydras
  9 great orbs of eyes
  2 catoblepae
  10 ice dragons
  11 naga warriors
  4 merfolk avatars
  9 centaur warriors
  Erica (D:8)
  2 death knights
  60 two-headed ogres
  8 spriggan air magi
  An alligator (Depths:4)
  3 alligator snapping turtles
  14 dancing weapons
  12 merfolk aquamancers
  An anaconda (shapeshifter) (D:15)
  2 death yaks
  5 anacondas
  13 ogre magi
  A death scarab (Gauntlet)
  7 tengu warriors
  5 satyrs
  A queen ant (Lair:3)
  10 deep troll shamans
  5 spriggan berserkers
  2 orc high priests (Elf:1)
  8 deep troll earth magi
  A vampire mage (Depths:1)
  A shock serpent (shapeshifter) (Vaults:5)
  2 thrashing horrors (Abyss:3)
  A sun demon (Abyss:3)
  A wretched star (Abyss:3)
  9 spriggans
  7 shock serpents
  A soul eater (Gauntlet)
  A shadow wraith (Vaults:2)
  12 deep elf knights
  9 naga sharpshooters
  38 deep trolls
  4 iron trolls
  8 skeletal warriors
  A sixfirhy (Abyss:3)
  7 hell knights
  13 sea snakes
  2 salamander mystics (Snake:2)
  A sea snake (shapeshifter) (Vaults:5)
  3 flayed ghosts
  5 glowing orange brains
  3 unseen horrors
  7 swamp dragons (Depths:4)
  3 naga ritualists
  10 deep elf archers
  10 ironbrand convokers
  11 orc knights
  57 deep elf magi
  A lindwurm (Lair:6)
  A wolf spider zombie (D:15)
  6 wizards
  Pikel (D:8)
  A harpy (shapeshifter) (Vaults:2)
  8 mana vipers
  4 wolf spiders
  3 orc sorcerers
  6 phantasmal warriors
  20 harpies
  5 necromancers
  39 ugly things
  An orb spider (shapeshifter) (D:13)
  A tengu skeleton (Vaults:1)
  11 manticores
  34 slime creatures
  16 cyclopes
  A fire giant zombie (Depths:1)
  13 salamanders
  A cyclops (shapeshifter) (Vaults:5)
  A faun (shapeshifter) (Elf:1)
  A toenail golem (D:7)
  6 fauns
  2 guardian serpents
  13 elephants
  8 moths of wrath
  A human skeleton (Vaults:1)
  Maurice (Orc:1)
  A centaur zombie (D:15)
  12 vault sentinels
  Joseph (D:7)
  A guardian serpent (shapeshifter) (Depths:1)
  14 naga magi
  A rust devil (Gauntlet)
  8 water nymphs
  2 smoke demons
  Maggie (D:8)
  31 black mambas
  14 merfolk sirens
  6 torpor snails
  9 cane toads
  A demonic crawler (Abyss:3)
  2 gargoyles
  A hellion (Abyss:3)
  A spriggan zombie (Depths:1)
  A kobold demonologist (D:13)
  4 rime drakes
  5 spectral swamp worms (Depths:3)
  An efreet (D:12)
  5 freezing wraiths
  7 komodo dragons
  51 yaktaurs
  A guardian mummy (D:11)
  An ice devil (Depths:3)
  3 tengu conjurers
  4 ancient zymes (Abyss:3)
  2 polar bears
  2 red devils (Abyss:3)
  2 harpy skeletons (D:15)
  4 tyrant leeches (Lair:6)
  3 wind drakes
  A meliai (shapeshifter) (Depths:3)
  15 trolls
  A yaktaur skeleton (Depths:1)
  A tyrant leech (shapeshifter) (Vaults:5)
  A wind drake (shapeshifter) (Vaults:1)
  20 hornets
  15 blink frogs
  A slime creature (shapeshifter) (Vaults:4)
  8 snapping turtles
  34 merfolk
  7 raiju
  5 dream sheep (Lair:6)
  16 hippogriffs
  A stone giant simulacrum (Vaults:3)
  5 flying skulls (Abyss:3)
  3 air elementals
  A spectral black mamba (Gauntlet)
  A ynoxinul (Abyss:3)
  2 spriggans (shapeshifter)
  An orc simulacrum (Vaults:3)
  23 water elementals
  A wyvern (Elf:1)
  2 fire elementals
  7 wraiths
  3 basilisks
  40 yaks
  A yak (shapeshifter) (Depths:2)
  A human simulacrum (Vaults:2)
  5 vampire mosquitoes
  4 chaos spawn
  An ogre zombie (Vaults:1)
  A human zombie (Depths:1)
  3 neqoxecs (D:15)
  2 insubstantial wisps (Elf:1)
  2 acid dragons (Vaults:2)
  13 wargs
  2 swamp worms (Depths:4)
  52 nagas
  5 soldier ants (Lair:3)
  12 water moccasins
  Duvessa (D:7)
  5 hell hounds (Elf:1)
  13 porcupines
  8 small abominations
  2 phantoms
  42 orc warriors
  6 sky beasts
  4 black bears
  3 ice beasts
  A swamp drake (Depths:4)
  3 eyes of draining
  46 ogres
  An eye of draining (shapeshifter) (Depths:5)
  12 wolves
  16 boggarts
  27 centaurs
  An orc skeleton (Vaults:1)
  14 crocodiles
  3 big kobolds (D:13)
  Blork the orc (D:6)
  20 bullfrogs
  4 earth elementals
  A wyvern zombie (D:13)
  Dowan (D:6)
  5 hexers
  7 scorpions
  3 jellies
  7 killer bees (D:12)
  5 wights (D:9)
  A vampire bat (Elf:1)
  3 howler monkeys
  3 electric eels
  A crimson imp (Abyss:2)
  A bullfrog zombie (D:12)
  4 quasits
  29 orc wizards
  5 centaur skeletons
  18 orc priests
  8 hounds
  3 bullfrog skeletons
  5 iron imps
  4 iguanas
  30 worker ants
  2 killer bee zombies
  2 hound zombies (D:5)
  A hound skeleton (D:4)
  A worker ant zombie (D:6)
  3 gnolls (D:5)
  11 adders
  3 shadow imps (Gauntlet)
  6 white imps
  3 ufetubi
  An ooze (D:6)
  2 adder zombies
  3 adder skeletons
  2 worms
  5 leopard geckos
  65 orcs
  5 giant cockroaches
  3 goblins
  9 hobgoblins
  7 jackals
  6 quokkas
  8 bats
  7 frilled lizards
  5 kobolds
  A quokka skeleton (D:8)
  A quokka zombie (D:5)
  4 rats
  3 crawling corpses (Elf:3)
  A lurking horror (Abyss:3)
  A starspawn tentacle (Abyss:3)
  3 tentacles (Shoals:4)
2079 creatures vanquished.

Vanquished Creatures (collateral kills)
  2 orbs of fire (Zot:5)
  A Killer Klown (Zot:5)
  A golden dragon (Depths:4)
  2 bone dragons (Abyss:3)
  2 tentacled monstrosities
  2 deep elf blademasters (Elf:3)
  A titan (Vaults:5)
  A sphinx (Vaults:5)
  A draconian monk (Zot:1)
  A tengu reaver (Depths:3)
  A nagaraja (Snake:4)
  A fire giant (Vaults:4)
  A deep elf sorcerer (Elf:1)
  A ghost moth (Zot:3)
  A draconian annihilator (Zot:1)
  The ghost of hemabe71 the Covert, a journeyman HuAr of Trog (Lair:4)
  A stone giant (Depths:3)
  A spriggan defender (Depths:3)
  2 very ugly things (Depths:4)
  An ironheart preserver (Vaults:1)
  A green draconian (Zot:1)
  4 fire dragons
  A green death (Abyss:3)
  A merfolk impaler (Shoals:4)
  A yaktaur captain (Vaults:5)
  A great orb of eyes (Depths:4)
  A rakshasa (Vaults:1)
  A catoblepas (Lair:6)
  4 naga warriors
  An ice dragon (Depths:1)
  A death knight (Abyss:3)
  3 hydras
  2 merfolk aquamancers (Shoals:3)
  5 two-headed ogres
  A death yak (Depths:3)
  2 dancing weapons
  An anaconda (Snake:3)
  3 ogre magi
  2 naga sharpshooters (Snake:4)
  4 deep elf knights
  A shadow wraith (Vaults:4)
  A hell knight (Depths:1)
  A sun demon (Abyss:3)
  2 sea snakes
  An unseen horror (shapeshifter) (Depths:3)
  A glowing orange brain (Depths:1)
  2 deep trolls
  2 naga ritualists (Snake:3)
  2 deep elf archers
  A wizard (Depths:2)
  An ironbrand convoker (Vaults:3)
  2 harpies (Shoals:3)
  6 deep elf magi
  A flayed ghost (Depths:1)
  2 orc knights
  2 ugly things
  3 manticores
  A moth of wrath (Zot:2)
  A faun (Shoals:3)
  2 cyclopes
  3 merfolk sirens
  5 black mambas
  An elephant (Lair:5)
  4 water nymphs (Shoals:3)
  2 naga magi
  A smoke demon (Abyss:3)
  A torpor snail (Lair:6)
  2 cane toads
  2 vault sentinels
  A rime drake (Lair:6)
  5 yaktaurs
  2 ancient zymes (Abyss:3)
  3 merfolk
  A large abomination (Abyss:3)
  Prince Ribbit (D:6)
  2 blink frogs
  A snapping turtle (Shoals:3)
  A hippogriff (Lair:6)
  A wyvern (Elf:1)
  2 wraiths
  4 yaks
  A ynoxinul (Gauntlet)
  A hog (Elf:1)
  A fire elemental (Elf:2)
  A chaos spawn (Abyss:3)
  A water elemental (Shoals:3)
  2 nagas (Snake:4)
  A soldier ant (Lair:3)
  A water moccasin (Lair:2)
  2 orc warriors
  A swamp drake (Lair:6)
  A sky beast (D:7)
  A wolf (Lair:5)
  A necrophage (D:5)
  2 centaurs
  4 ogres
  A crocodile (Lair:1)
  2 bullfrogs
  A bullfrog zombie (D:6)
  A hound (D:4)
  An orc priest (Orc:1)
  5 orc wizards
  2 worker ants
  A white imp (D:4)
  17 orcs
  A jackal (D:10)
  A bat (D:3)
  A butterfly (Lair:1)
  A lurking horror (Abyss:3)
  A tentacle (Shoals:4)
202 creatures vanquished.

Vanquished Creatures (others)
  2 merfolk aquamancers
  A necromancer (Depths:1)
  2 deep elf magi
  A harpy (Vaults:4)
  A faun (Shoals:3)
  A yak (D:12)
  A porcupine (Elf:1)
  A small abomination (Abyss:3)
  44 hexers
  An ancestor (D:3)
  29 fungi
  228 plants
  2 starspawn tentacles (Abyss:3)
  4 tentacles (Shoals:4)
  9 withered plants
327 creatures vanquished.

Grand Total: 2608 creatures vanquished

Notes
Turn   | Place    | Note
-------+----------+-------------------------------------------
     0 | D:1      | EnegeticOcto the Minotaur Warper began the quest for the
                  | Orb.
     0 | D:1      | Reached XP level 1. HP: 18/18 MP: 1/1
   243 | D:1      | Reached skill level 3 in Axes
   348 | D:1      | Reached XP level 2. HP: 25/25 MP: 3/3
   532 | D:1      | Reached skill level 3 in Fighting
   979 | D:2      | Reached XP level 3. HP: 31/31 MP: 4/4
  1047 | D:2      | Reached skill level 4 in Axes
  1456 | D:2      | Found a faded altar of an unknown god.
  1462 | D:2      | Became a worshipper of Hepliaklqana the Forgotten
  1462 | D:2      | Reached * piety under Hepliaklqana
  1645 | D:3      | Noticed an ogre
  1694 | D:3      | Reached XP level 4. HP: 30/35 MP: 5/5
  2122 | D:3      | Reached skill level 5 in Axes
  2296 | D:3      | Reached skill level 4 in Fighting
  2626 | D:3      | Killed an ogre
  2626 | D:3      | Reached skill level 6 in Axes
  2626 | D:3      | Reached XP level 5. HP: 25/42 MP: 6/6
  2924 | D:4      | Reached XP level 6. HP: 47/47 MP: 7/7
  3235 | D:4      | Reached skill level 5 in Fighting
  3240 | D:4      | Reached skill level 7 in Axes
  3431 | D:4      | Found an ornate altar of the Wu Jian Council.
  3432 | D:4      | Found a bloodstained altar of Trog.
  3469 | D:5      | Entered Level 5 of the Dungeon
  3519 | D:5      | Reached ** piety under Hepliaklqana
  3535 | D:5      | Remembered your ancestor Tawil as a hexer
  3550 | D:5      | Reached XP level 7. HP: 44/54 MP: 5/8
  3555 | D:5      | Reached skill level 8 in Axes
  3565 | D:5      | Reached skill level 6 in Fighting
  4170 | D:5      | Reached skill level 9 in Axes
  4301 | D:5      | Found an opulent altar of Gozag.
  4301 | D:5      | Found an ancient bone altar of Kikubaaqudgha.
  4498 | D:5      | Found a transporter.
  4498 | D:5      | Noticed kelmiir's ghost (amateur GrFi)
  4501 | D:5      | Found a transporter.
  4501 | D:5      | Identified the cursed +1 dire flail of Vuwkeq {venom, rF++}
  4758 | D:6      | Reached XP level 8. HP: 63/63 MP: 9/9
  4761 | D:6      | Noticed Prince Ribbit
  4778 | D:6      | Killed Prince Ribbit
  4778 | D:6      | Reached skill level 7 in Fighting
  4778 | D:6      | Reached skill level 10 in Axes
  4873 | D:6      | Noticed Blork the orc
  4887 | D:6      | Killed Blork the orc
  5121 | D:6      | Reached skill level 8 in Fighting
  5125 | D:6      | Reached skill level 11 in Axes
  5595 | D:7      | Noticed Dowan
  5599 | D:7      | Noticed Duvessa
  5612 | D:7      | Killed Duvessa
  5612 | D:7      | Reached XP level 9. HP: 57/73 MP: 10/10
  5700 | D:6      | Killed Dowan
  5720 | D:7      | Found a staircase to the Ecumenical Temple.
  5744 | D:7      | Reached *** piety under Hepliaklqana
  5748 | D:7      | Noticed Joseph
  5764 | D:7      | Killed Joseph
  5764 | D:7      | Reached skill level 9 in Fighting
  5764 | D:7      | Reached skill level 12 in Axes
  5926 | D:7      | Found Seriliyfi's General Store.
  5965 | D:7      | Noticed a brown ugly thing
  5973 | D:7      | Killed a brown ugly thing
  6052 | D:7      | Found a blossoming altar of Fedhas.
  6055 | D:7      | Found a snail-covered altar of Cheibriados.
  6251 | D:7      | Found a shimmering altar of Xom.
  6253 | D:7      | Found a hazy altar of Hepliaklqana.
  6253 | D:7      | Found a blossoming altar of Fedhas.
  6255 | D:7      | Found a sacrificial altar of Ru.
  6255 | D:7      | Found a shimmering blue altar of Sif Muna.
  6255 | D:7      | Found an ancient bone altar of Kikubaaqudgha.
  6491 | D:8      | Reached skill level 13 in Axes
  6519 | D:8      | Noticed Maggie
  6538 | D:8      | Killed Maggie
  6538 | D:8      | Reached skill level 10 in Fighting
  6682 | D:8      | Noticed Erica
  6694 | D:8      | Killed Erica
  6694 | D:8      | Reached skill level 14 in Axes
  6694 | D:8      | Reached XP level 10. HP: 84/84 MP: 11/11
  6701 | D:8      | Noticed Pikel
  6713 | D:8      | Killed Pikel
  7443 | D:9      | Reached skill level 1 in Shields
  7500 | D:9      | Found an iron altar of Okawaru.
  7507 | D:9      | Found a broken altar of Ashenzari.
  7518 | D:9      | Reached skill level 1 in Invocations
  7518 | D:9      | Reached skill level 1 in Evocations
  7641 | D:9      | Found an opulent altar of Gozag.
  7791 | D:9      | Reached **** piety under Hepliaklqana
  8118 | D:10     | Entered Level 10 of the Dungeon
  8166 | D:10     | Reached skill level 2 in Shields
  8235 | D:10     | Got a smoking scythe
  8250 | D:10     | Identified the +6 scythe of Kugg {protect, Fragile rF+
                  | Dex+6 SInv} (You found it on level 10 of the Dungeon)
  8312 | D:10     | Found Kaam's Elemental Accessories.
  8334 | D:10     | Reached skill level 11 in Fighting
  8475 | D:10     | Paralysed by a hornet for 2 turns
  8478 | D:10     | Reached skill level 2 in Invocations
  8626 | D:10     | Reached skill level 2 in Evocations
  9174 | D:11     | Noticed a two-headed ogre
  9180 | D:11     | Killed a two-headed ogre
  9180 | D:11     | Reached skill level 15 in Axes
  9180 | D:11     | Reached skill level 3 in Shields
  9182 | D:11     | Reached XP level 11. HP: 64/91 MP: 9/12
  9310 | D:11     | Found a portal to a secret trove of treasure.
  9376 | D:11     | Reached skill level 3 in Invocations
  9467 | D:11     | Found a staircase to the Lair.
  9479 | D:11     | Noticed a two-headed ogre
  9484 | D:11     | Killed a two-headed ogre
  9580 | D:11     | Noticed an eight-headed hydra
  9840 | D:11     | Reached skill level 4 in Shields
  9840 | D:11     | Reached skill level 3 in Evocations
 10076 | D:11     | Killed a two-headed hydra
 10147 | D:11     | Found Kymyass's Armour Shop.
 10148 | D:11     | Found a staircase to the Orcish Mines.
 10151 | D:11     | Found Bichiasi's Weapon Shop.
 10530 | D:11     | Noticed an oklob plant
 10916 | D:11     | Found a glowing silver altar of Zin.
 10936 | D:11     | Bought a +2 cloak of stealth for 236 gold pieces
 10936 | D:11     | Bought a +0 pair of gloves for 49 gold pieces
 10994 | Lair:1   | Entered Level 1 of the Lair of Beasts
 10995 | Lair:1   | Identified a scroll of acquirement
 10995 | Lair:1   | Acquired a +3 broad axe of electrocution
 11001 | Lair:1   | Noticed a six-headed hydra
 11009 | Lair:1   | Killed a four-headed hydra
 11009 | Lair:1   | Reached skill level 4 in Invocations
 11022 | Lair:1   | Identified the +8 plate armour of Nemelex Xobeh {Int+4}
                  | (You found it on level 1 of the Lair of Beasts)
 11098 | Lair:1   | Reached skill level 2 in Armour
 11114 | Lair:1   | Found a gate leading to a gauntlet.
 11117 | Lair:1   | Reached skill level 5 in Shields
 11193 | Gauntlet | Entered a Gauntlet
 11193 | Gauntlet | Found a transporter.
 11193 | Gauntlet | Found a transporter.
 11194 | Gauntlet | Found a transporter.
 11196 | Gauntlet | Noticed a soul eater
 11197 | Gauntlet | Found a transporter.
 11199 | Gauntlet | Found a transporter.
 11204 | Gauntlet | Noticed a death scarab
 11207 | Gauntlet | Found a transporter.
 11222 | Gauntlet | Found a transporter.
 11229 | Gauntlet | Found a transporter.
 11246 | Gauntlet | Found a transporter.
 11254 | Gauntlet | Found a transporter.
 11271 | Gauntlet | Found a transporter.
 11323 | Gauntlet | Found a transporter.
 11358 | Gauntlet | Reached ***** piety under Hepliaklqana
 11408 | Gauntlet | Killed a soul eater
 11408 | Gauntlet | Reached skill level 3 in Dodging
 11408 | Gauntlet | Reached skill level 4 in Evocations
 11652 | Gauntlet | Reached skill level 16 in Axes
 11739 | Gauntlet | Killed a death scarab
 11739 | Gauntlet | Reached skill level 3 in Armour
 11897 | Gauntlet | Identified the ring "Lucsulam" {Ice MR+ Int+6}
 11897 | Gauntlet | Noticed a minotaur
 11906 | Gauntlet | Killed a minotaur
 11906 | Gauntlet | Reached skill level 12 in Fighting
 11906 | Gauntlet | Reached XP level 12. HP: 94/100 MP: 14/14
 11919 | Gauntlet | Got a fine granite ring
 11925 | Gauntlet | Got a brightly glowing war axe
 12685 | Lair:2   | Reached skill level 5 in Invocations
 12714 | Lair:2   | Noticed an ice dragon
 12730 | Lair:2   | Killed an ice dragon
 12730 | Lair:2   | Reached skill level 4 in Dodging
 12979 | Lair:2   | Noticed an eight-headed hydra
 12986 | Lair:2   | Killed a nine-headed hydra
 12986 | Lair:2   | Reached skill level 4 in Armour
 12986 | Lair:2   | Reached skill level 6 in Shields
 13230 | Lair:2   | Noticed an eight-headed hydra
 13239 | Lair:2   | Killed a four-headed hydra
 13837 | Lair:2   | Identified the ring "Imoke" {*Tele rF+ Str+5 Dex-2} (You
                  | found it in a Gauntlet)
 13856 | Lair:3   | Noticed a six-headed hydra
 13862 | Lair:3   | Killed a three-headed hydra
 13862 | Lair:3   | Reached skill level 5 in Evocations
 13874 | Lair:3   | Reached skill level 5 in Armour
 13879 | Lair:3   | Reached skill level 5 in Dodging
 14082 | Lair:3   | Reached skill level 7 in Shields
 14120 | Lair:3   | Identified the +4 war axe "Zuedixi" {protect, rElec MP+9
                  | Int-2 SInv} (You found it in a Gauntlet)
 14128 | Lair:3   | Reached skill level 17 in Axes
 14259 | Lair:3   | Found a staircase to the Shoals.
 14466 | Lair:3   | Noticed a queen ant
 14487 | Lair:3   | Reached skill level 6 in Armour
 14487 | Lair:3   | Reached XP level 13. HP: 89/107 MP: 15/15
 14808 | Lair:4   | Noticed hemabe71's ghost (journeyman HuAr)
 14820 | Lair:4   | Found a runed translucent door.
 14842 | Lair:4   | Reached skill level 6 in Dodging
 14901 | Lair:4   | Found a staircase to the Snake Pit.
 15274 | Lair:4   | Reached ****** piety under Hepliaklqana
 15627 | Lair:4   | Killed hemabe71's ghost
 15876 | Lair:5   | Reached skill level 13 in Fighting
 16081 | Lair:5   | Reached skill level 8 in Shields
 16326 | Lair:5   | Reached skill level 7 in Armour
 16521 | Lair:5   | Noticed Rupert
 16534 | Lair:5   | Killed Rupert
 16535 | Lair:5   | Reached skill level 6 in Invocations
 16866 | Lair:5   | Reached skill level 18 in Axes
 16866 | Lair:5   | Reached skill level 7 in Dodging
 17138 | Lair:6   | Entered Level 6 of the Lair of Beasts
 17162 | Lair:6   | Reached skill level 6 in Evocations
 17235 | Lair:6   | Found a runed translucent door.
 17235 | Lair:6   | Found a viscous altar of Jiyva.
 17235 | Lair:6   | Found a staircase to the Slime Pits.
 17235 | Lair:6   | Noticed an acid blob
 17247 | Lair:6   | Reached XP level 14. HP: 116/116 MP: 17/17
 17308 | Lair:6   | Found a runed translucent door.
 17341 | Lair:6   | Paralysed by a hornet for 1 turns
 17351 | Lair:6   | Reached skill level 9 in Shields
 17481 | Lair:6   | Reached skill level 8 in Armour
 17963 | Lair:6   | Reached skill level 7 in Invocations
 18026 | Lair:6   | Reached skill level 8 in Dodging
 18666 | Orc:1    | Entered Level 1 of the Orcish Mines
 18945 | Orc:2    | Entered Level 2 of the Orcish Mines
 18952 | Orc:2    | Reached skill level 7 in Evocations
 18966 | Orc:2    | Reached skill level 14 in Fighting
 18974 | Orc:2    | Reached skill level 9 in Armour
 18981 | Orc:2    | Reached skill level 10 in Shields
 19155 | Orc:2    | Found Ligeigg's Gadget Emporium.
 19159 | Orc:2    | Noticed Donald
 19179 | Orc:1    | Noticed Maurice
 19183 | Orc:1    | Killed Maurice
 19414 | Orc:1    | Noticed Harold
 19422 | Orc:1    | Killed Harold
 19527 | Orc:1    | Noticed Josephine
 19534 | Orc:1    | Killed Josephine
 19534 | Orc:1    | Reached skill level 9 in Dodging
 19543 | Orc:1    | Reached skill level 8 in Invocations
 19543 | Orc:1    | Reached XP level 15. HP: 124/124 MP: 18/20
 19709 | Orc:2    | Found Gudwue Oheo's Magic Scroll Shop.
 19714 | Orc:2    | Found Fostirum's Gadget Emporium.
 19732 | Orc:2    | Found Ycaelit's Jewellery Shoppe.
 19740 | Orc:2    | Bought a condenser vane (2/2) for 240 gold pieces
 19740 | Orc:2    | Bought a wand of enslavement (6) for 96 gold pieces
 19763 | Orc:2    | Bought a box of beasts (3/3) for 360 gold pieces
 19899 | Orc:2    | Found a staircase to the Elven Halls.
 19909 | Orc:2    | Found a roughly hewn altar of Beogh.
 20294 | Orc:2    | Bought a scroll of identify for 28 gold pieces
 20294 | Orc:2    | Bought a scroll of identify for 28 gold pieces
 20294 | Orc:2    | Bought a scroll of identify for 28 gold pieces
 20294 | Orc:2    | Bought a scroll of teleportation for 42 gold pieces
 20294 | Orc:2    | Bought a scroll of fear for 49 gold pieces
 20294 | Orc:2    | Bought a scroll of fear for 49 gold pieces
 20294 | Orc:2    | Bought a scroll of magic mapping for 49 gold pieces
 20294 | Orc:2    | Bought a scroll of identify for 28 gold pieces
 20294 | Orc:2    | Bought a scroll of fear for 49 gold pieces
 20305 | Orc:2    | Bought a wand of iceblast (6) for 120 gold pieces
 20374 | Orc:1    | Killed Donald
 20698 | D:12     | Reached skill level 10 in Armour
 21069 | D:13     | Reached skill level 8 in Evocations
 21300 | D:13     | Reached skill level 11 in Shields
 21484 | D:13     | Found a gate to the Vaults.
 21976 | D:13     | Acquired a manual of Armour
 22057 | D:14     | Noticed Agnes
 22070 | D:14     | Killed Agnes
 22070 | D:14     | Reached skill level 9 in Invocations
 22202 | D:14     | Found Beudyerph's Gadget Shoppe.
 22377 | D:14     | Reached skill level 10 in Dodging
 22509 | D:14     | Reached skill level 15 in Fighting
 22606 | D:14     | Noticed Nessos
 22614 | D:14     | Killed Nessos
 22614 | D:14     | Reached skill level 11 in Armour
 22629 | D:14     | Found a sparkling altar of Nemelex Xobeh.
 22683 | D:15     | Entered Level 15 of the Dungeon
 22717 | D:15     | Found a hide-covered altar of Uskayaw.
 22904 | D:15     | Found a transporter.
 22905 | D:15     | Noticed Gexkaukheo's ghost (journeyman DEIE)
 22918 | D:15     | Found a transporter.
 23059 | D:15     | Reached XP level 16. HP: 112/134 MP: 20/22
 23442 | D:15     | Reached skill level 9 in Evocations
 23461 | D:15     | Reached skill level 12 in Shields
 23663 | D:15     | Found a staircase to the Depths.
 23673 | D:15     | Reached skill level 12 in Armour
 23991 | Snake:1  | Entered Level 1 of the Snake Pit
 24953 | Snake:1  | Reached skill level 10 in Invocations
 25567 | Snake:2  | Reached skill level 13 in Armour
 26051 | Snake:2  | Reached skill level 16 in Fighting
 26271 | Snake:2  | Reached skill level 13 in Shields
 26288 | Snake:2  | Reached skill level 10 in Evocations
 26626 | Snake:2  | Found a runed translucent gate.
 26626 | Snake:2  | Found a runed translucent gate.
 26628 | Snake:2  | Found a runed translucent gate.
 26630 | Snake:2  | Noticed TheJester's ghost (journeyman MiBe)
 26630 | Snake:2  | Noticed Luffe's ghost (adept GrFE)
 26630 | Snake:2  | Noticed Jusi's ghost (journeyman DrFE)
 26697 | Snake:3  | Reached skill level 14 in Armour
 27642 | Snake:3  | Reached XP level 17. HP: 135/143 MP: 21/23
 27996 | Snake:4  | Entered Level 4 of the Snake Pit
 28249 | Snake:4  | Noticed Aizul
 28260 | Snake:4  | Killed Aizul
 28260 | Snake:4  | Reached skill level 15 in Armour
 28703 | Snake:4  | Found Xuathra's Magic Scroll Emporium.
 28707 | Snake:4  | Found Agudgh's Gadget Shoppe.
 28708 | Snake:4  | Found Agoamauh's General Store.
 28770 | Snake:4  | Bought a wand of digging (5) for 360 gold pieces
 28770 | Snake:4  | Bought a scroll of magic mapping for 70 gold pieces
 28770 | Snake:4  | Bought a potion of might for 80 gold pieces
 28770 | Snake:4  | Bought a scroll of teleportation for 60 gold pieces
 28770 | Snake:4  | Bought a scroll of enchant weapon for 150 gold pieces
 28775 | Snake:4  | Bought a scroll of teleportation for 39 gold pieces
 28775 | Snake:4  | Bought a scroll of magic mapping for 45 gold pieces
 28775 | Snake:4  | Bought a scroll of teleportation for 39 gold pieces
 28775 | Snake:4  | Bought a scroll of fear for 45 gold pieces
 28775 | Snake:4  | Bought a scroll of magic mapping for 45 gold pieces
 29354 | Snake:4  | Reached skill level 14 in Shields
 29811 | Snake:4  | Reached skill level 11 in Evocations
 29899 | Snake:4  | Reached skill level 17 in Fighting
 29995 | Snake:4  | Reached skill level 16 in Armour
 30035 | Snake:4  | Got a serpentine rune of Zot
 30209 | Shoals:1 | Entered Level 1 of the Shoals
 30928 | Shoals:1 | Reached skill level 2 in Throwing
 31509 | Shoals:2 | Found a runed translucent gate.
 31509 | Shoals:2 | Found a runed translucent gate.
 31509 | Shoals:2 | Found a runed translucent gate.
 31509 | Shoals:2 | Noticed Vabbol's ghost (journeyman TrBr)
 31510 | Shoals:2 | Noticed Omuilom's ghost (journeyman MiGl)
 31901 | Shoals:2 | Reached skill level 3 in Throwing
 32283 | Shoals:3 | Reached XP level 18. HP: 153/153 MP: 24/24
 32997 | Shoals:3 | Reached skill level 4 in Throwing
 33002 | Shoals:3 | Reached skill level 15 in Shields
 33034 | Shoals:3 | Reached skill level 17 in Armour
 33579 | Shoals:4 | Entered Level 4 of the Shoals
 33885 | Shoals:4 | Reached skill level 5 in Throwing
 34227 | Shoals:4 | Reached skill level 12 in Evocations
 34300 | Shoals:4 | Identified the +10 flail "Hell-Harrower" {vorpal, rF++
                  | Int+4}
 34701 | Shoals:4 | Reached skill level 18 in Fighting
 35000 | Shoals:4 | Reached skill level 6 in Throwing
 35066 | Shoals:4 | Got a barnacled rune of Zot
 35973 | Vaults:1 | Entered Level 1 of the Vaults
 36063 | Vaults:1 | Reached XP level 19. HP: 162/162 MP: 25/25
 36765 | Vaults:1 | Reached skill level 16 in Shields
 37101 | Vaults:1 | Reached skill level 7 in Throwing
 37653 | Vaults:2 | Reached skill level 18 in Armour
 38699 | Vaults:2 | Cast into level 2 of the Abyss (a deep elf demonologist)
 38738 | Abyss:2  | Found a corrupted altar of Lugonu.
 38760 | Abyss:2  | Found a corrupted altar of Lugonu.
 38772 | Vaults:2 | Escaped the Abyss
 39019 | Vaults:2 | Found a staircase to the Crypt.
 39019 | Vaults:2 | Found a basalt altar of Yredelemnul.
 39020 | Vaults:2 | Found an ancient bone altar of Kikubaaqudgha.
 39148 | Vaults:3 | Reached skill level 13 in Evocations
 39154 | Vaults:3 | Reached skill level 8 in Throwing
 39177 | Vaults:3 | Reached skill level 19 in Fighting
 39603 | Vaults:3 | Found Qyb Quc's Gadget Boutique.
 39611 | Vaults:3 | Bought a wand of digging (4) for 160 gold pieces
 40005 | Vaults:3 | Reached skill level 17 in Shields
 40011 | Vaults:3 | Reached XP level 20. HP: 166/171 MP: 24/26
 40446 | Vaults:4 | Found Nips's Antique Armour Shoppe.
 40456 | Vaults:4 | Bought a shimmering plate armour for 1008 gold pieces
 40456 | Vaults:4 | Identified the +2 plate armour "Allin" {Harm rN+} (You
                  | bought it in a shop on level 4 of the Vaults)
 40491 | Vaults:4 | Reached skill level 9 in Throwing
 41135 | Vaults:4 | Found Esocso's Weapon Boutique.
 41520 | Vaults:4 | Reached skill level 19 in Armour
 42324 | Vaults:4 | Reached skill level 10 in Throwing
 42691 | Elf:1    | Entered Level 1 of the Elven Halls
 42691 | Elf:1    | Noticed Nikola
 42703 | Elf:1    | Killed Nikola
 42805 | Elf:1    | You fall into a shaft and drop 1 floor!
 43270 | Elf:2    | Found a runed translucent gate.
 43270 | Elf:2    | Found a runed translucent gate.
 43281 | Elf:2    | Found a runed translucent gate.
 43297 | Elf:2    | Reached skill level 20 in Fighting
 43652 | Elf:1    | Reached skill level 18 in Shields
 43914 | Elf:1    | Identified the Compendium of Calling
 44583 | Elf:1    | Reached XP level 21. HP: 180/180 MP: 27/27
 44768 | Elf:1    | Reached skill level 11 in Throwing
 44921 | Elf:1    | Identified Sif Muna's Collected Works on Transmigration
 45251 | Elf:3    | Entered Level 3 of the Elven Halls
 45285 | Elf:3    | Found a runed translucent door.
 45287 | Elf:3    | Found a shimmering altar of Xom.
 45287 | Elf:3    | Noticed haldagan's ghost (adept KoDe)
 46097 | Elf:3    | Found the +7 pair of quick blades "Gyre" and "Gimble"
                  | {protect}
 46116 | Elf:3    | Reached skill level 20 in Armour
 46376 | Elf:3    | Cast into level 3 of the Abyss (a deep elf sorcerer)
 46656 | Elf:3    | Escaped the Abyss
 46768 | Elf:3    | Identified the +10 dagger of Dividends {vorpal, rElec MR+
                  | Stlth+}
 47120 | Elf:3    | Identified the +8 quarterstaff of Revolt {venom, Str-3
                  | Int+3 Dex+2 Stlth+}
 47120 | Elf:3    | Identified the ring "Gitum" {rPois rN+}
 47188 | Elf:3    | Cast into level 3 of the Abyss (a deep elf sorcerer)
 47421 | Abyss:3  | Reached skill level 12 in Throwing
 47421 | Abyss:3  | Reached skill level 19 in Shields
 47530 | Abyss:3  | Found a corrupted altar of Lugonu.
 47561 | Elf:3    | Escaped the Abyss
 47569 | Elf:3    | Reached skill level 21 in Fighting
 48331 | Elf:3    | Identified Nyqu's Reference Book on Execration
 48375 | Elf:3    | Identified the amulet "Leblats" {Acrobat rF+ rC+ MR++
                  | Str-3} (You found it on level 3 of the Elven Halls)
 48423 | Elf:3    | Reached XP level 22. HP: 191/191 MP: 28/28
 48465 | Elf:3    | Identified the cursed +1 mace "Gunus" {venom, rPois}
 48465 | Elf:3    | Identified the ring of Boagruedgh {rC- rN+ MR+++ Dex-3
                  | Stlth-}
 48820 | D:15     | Killed Gexkaukheo's ghost
 48824 | D:15     | Acquired 835 gold pieces
 48831 | D:15     | Got the ring "Intuxuj" {Dex+6}
 48832 | D:15     | Identified the ring "Intuxuj" {Str-2 Int+6 Dex+6} (You
                  | found it on level 15 of the Dungeon)
 48955 | Depths:1 | Entered Level 1 of the Depths
 48975 | Depths:1 | Found Byurch's Demolitions Depot.
 49456 | Depths:1 | Found Ceppos's Armour Boutique.
 49460 | Depths:1 | Found Nuiwunnack's Antique Armour Shop.
 49476 | Depths:1 | Bought a pair of transparent gloves for 218 gold pieces
 49476 | Depths:1 | Identified the +1 pair of gloves "Leseuki" {rPois rF-
                  | Dex+4} (You bought it in a shop on level 1 of the Depths)
 49492 | Depths:1 | Bought the +9 scales of the Dragon King {rPois rF+ rC+ MR+}
                  | for 1872 gold pieces
 49492 | Depths:1 | Found the +9 scales of the Dragon King {rPois rF+ rC+ MR+}
 49537 | Depths:1 | Found a gateway to a ziggurat.
 49541 | Depths:1 | Found a gateway to Hell.
 49945 | Depths:1 | Identified the +4 chain mail of Vapudas {rPois Str+4 Dex+2
                  | Slay-6} (You found it on level 1 of the Depths)
 49976 | Depths:1 | Reached skill level 21 in Armour
 50209 | Depths:1 | Reached skill level 13 in Throwing
 50343 | Depths:1 | Got a scintillating copper ring
 50381 | Depths:1 | Identified the ring of Voawk {+Inv MR+ Int+4 Dex+6 Stlth-}
                  | (You found it on level 1 of the Depths)
 50790 | Depths:2 | Found Sunlill's Weapon Emporium.
 50823 | Depths:2 | Found Winit's Book Emporium.
 50826 | Depths:2 | Found Mawuihir's Distillery.
 50839 | Depths:2 | Bought 2 potions of haste for 340 gold pieces
 50839 | Depths:2 | Bought a potion of invisibility for 136 gold pieces
 50839 | Depths:2 | Bought a potion of curing for 51 gold pieces
 50857 | Depths:2 | Identified the ring of Wunlol {*Contam EV+4 Int+2 Slay+3
                  | Stlth+}
 50859 | Depths:2 | Noticed the Enchantress
 50868 | Depths:2 | Reached skill level 20 in Shields
 50885 | Depths:2 | Killed the Enchantress
 51196 | Depths:2 | Identified the amulet "Zuihi" {RegenMP rPois Dex+4}
 51252 | Depths:2 | Noticed a juggernaut
 51266 | Depths:2 | Killed a juggernaut
 51266 | Depths:2 | Reached skill level 22 in Fighting
 51369 | Depths:2 | Identified the ring of the Enemy {rPois Str+2 Dex+4 SInv}
 51683 | Depths:2 | Identified the ring of Gusargh {MR+ Str+8} (You found it on
                  | level 2 of the Depths)
 51820 | Depths:3 | Reached XP level 23. HP: 185/200 MP: 29/29
 51998 | Depths:3 | Reached skill level 14 in Throwing
 52324 | Depths:3 | Reached skill level 22 in Armour
 52404 | Depths:3 | Noticed Frederick
 52417 | Depths:3 | Killed Frederick
 52679 | Depths:3 | Found a one-way gate leading to the halls of Pandemonium.
 52690 | Depths:3 | Gained mutation: You occasionally shout uncontrollably at
                  | your foes. [a cacodemon]
 52723 | Depths:3 | Reached skill level 21 in Shields
 53569 | Depths:4 | Reached skill level 15 in Throwing
 53671 | Depths:4 | Found a one-way gate to the infinite horrors of the Abyss.
 53714 | Depths:4 | Acquired a +2 pair of gloves of archery
 53829 | Depths:4 | Noticed Mennas
 53850 | Depths:4 | Killed Mennas
 53850 | Depths:4 | Reached skill level 23 in Fighting
 53925 | Depths:4 | Reached XP level 24. HP: 211/211 MP: 29/29
 54248 | Depths:5 | Entered Level 5 of the Depths
 54394 | Depths:5 | Reached skill level 23 in Armour
 54675 | Depths:5 | Found a gate to the Realm of Zot.
 55062 | Depths:5 | Reached skill level 22 in Shields
 55673 | Vaults:5 | Entered Level 5 of the Vaults
 55677 | Vaults:5 | Noticed an ancient lich
 55682 | Vaults:5 | Reached skill level 16 in Throwing
 55695 | Vaults:5 | Killed an ancient lich
 55896 | Vaults:5 | Reached skill level 24 in Fighting
 56069 | Vaults:5 | Identified the cursed ring "Paipi" {rF+ AC-4 Str-3 Int+4
                  | Dex+7}
 56340 | Vaults:5 | Reached XP level 25. HP: 220/220 MP: 29/29
 56719 | Vaults:5 | Identified the cursed +0 long sword "Veapp" {vorpal, Str+5}
 56876 | Vaults:5 | Identified Witchery for Absolute Beginners
 57089 | Vaults:5 | Acquired a manual of Invocations
 57158 | Vaults:5 | Identified the ring "Peylalugh" {rF+ rC+ Stlth+}
 57255 | Vaults:5 | Got a silver rune of Zot
 57271 | Vaults:5 | Identified the amulet of Qepyaf {RegenMP rF+}
 57359 | Vaults:5 | Noticed an ancient lich
 57375 | Vaults:5 | Killed an ancient lich
 57419 | Vaults:5 | Reached skill level 11 in Dodging
 57421 | Vaults:5 | Reached skill level 14 in Evocations
 57581 | Vaults:5 | Identified Plog's Grimoire of Summoning and Toxins
 57594 | Vaults:5 | Found the +2 hat of the Bear Spirit {Spirit, +Rage rN+
                  | MR++}
 58094 | Zot:1    | Entered Level 1 of the Realm of Zot
 58113 | Zot:1    | Reached skill level 23 in Shields
 58115 | Zot:1    | Reached skill level 24 in Armour
 58438 | Zot:1    | Reached skill level 11 in Invocations
 58713 | Zot:5    | Entered Level 5 of the Realm of Zot
 58829 | Zot:5    | Noticed an ancient lich
 58837 | Zot:5    | Killed an ancient lich
 58842 | Zot:5    | Noticed an orb of fire
 58850 | Zot:5    | Gained mutation: Your mind is acute. (Int +2) [an orb of
                  | fire]
 58854 | Zot:5    | Gained mutation: You are clumsy. (Dex -2) [an orb of fire]
 58855 | Zot:5    | Noticed an orb of fire
 58858 | Zot:5    | Killed an orb of fire
 58858 | Zot:5    | Reached XP level 26. HP: 125/230 MP: 18/30
 58858 | Zot:5    | Noticed an orb of fire
 58869 | Zot:5    | Killed an orb of fire
 58873 | Zot:5    | Gained mutation: Your body sometimes deteriorates upon
                  | taking damage. [an orb of fire]
 58874 | Zot:5    | Killed an orb of fire
 58874 | Zot:5    | Reached skill level 12 in Dodging
 58874 | Zot:5    | Reached skill level 12 in Invocations
 58874 | Zot:5    | Reached skill level 15 in Evocations
 58998 | Zot:5    | Noticed an orb of fire
 59002 | Zot:5    | Gained mutation: You sometimes yell uncontrollably at your
                  | foes. [an orb of fire]
 59004 | Zot:5    | Lost mutation: Your mind is acute. (Int +2) [an orb of
                  | fire]
 59005 | Zot:5    | Gained mutation: Your body often deteriorates upon taking
                  | damage. [an orb of fire]
 59008 | Zot:5    | Gained mutation: You are occasionally teleported next to
                  | monsters. [an orb of fire]
 59012 | Zot:5    | Gained mutation: Potions are less effective at restoring
                  | your health. [an orb of fire]
 59016 | Zot:5    | Noticed an ancient lich
 59017 | Zot:5    | Gained mutation: Scrolls take you a little longer to read.
                  | [an orb of fire]
 59017 | Zot:5    | Noticed an orb of fire
 59019 | Zot:5    | Killed an orb of fire
 59026 | Zot:5    | Noticed an orb of fire
 59035 | Zot:5    | Killed an ancient lich
 59037 | Zot:5    | Killed an orb of fire
 59044 | Zot:5    | Killed an orb of fire
 59061 | Zot:5    | Noticed an orb of fire
 59078 | Zot:5    | Killed an orb of fire
 59362 | Zot:5    | Lost mutation: Scrolls take you a little longer to read.
                  | [potion of mutation]
 59362 | Zot:5    | Lost mutation: Your body often deteriorates upon taking
                  | damage. [potion of mutation]
 59362 | Zot:5    | Lost mutation: Your body sometimes deteriorates upon taking
                  | damage. [potion of mutation]
 59362 | Zot:5    | Gained mutation: You are dopey. (Int -2) [potion of
                  | mutation]
 59362 | Zot:5    | Gained mutation: You are weak. (Str -2) [potion of
                  | mutation]
 59362 | Zot:5    | Gained mutation: You evolve. [potion of mutation]
 59363 | Zot:5    | Noticed an ancient lich
 59377 | Zot:5    | Got the Orb of Zot
 59422 | Zot:3    | Gained mutation: You are partially covered in molten
                  | scales. (AC +2) [evolution]
 59797 | D:$      | Escaped with the Orb!

Illustrated notes

Levels and vault maps discovered:
D:1:      psy_arrival_fountain, layout_loops_cross, minivault_24,
          roderic_serpentine_path
D:2:      layout_loops_ring, chequers_ecumenical_altar_lobes
D:3:      layout_rooms
D:4:      layout_cave_pools, gammafunk_temple_overflow_statue
D:5:      layout_loops_corners, gammafunk_temple_overflow_elements,
          gammafunk_ghost_smash
D:6:      wad_pebble_path, layout_loops_ring, uniq_prince_ribbit1,
          uniq_blork_the_orc
D:7:      layout_cave_pools, doesnt_xom_only_xom,
          chequers_temple_overflow_statue_of_worship,
          minmay_temple_entry_arrows, serial_shops, shop,
          minmay_misc_feat_alley, st_stairs_10, minmay_misc_feat_square,
          uniq_duvessa, uniq_joseph
D:8:      cheibrodos_two_vegetables, layout_basic, uniq_erica, uniq_maggie,
          uniq_pikel
D:9:      layout_irregular_city, grunt_temple_overflow_open, basic_altar
D:10:     layout_irregular_city, nicolae_zen_rock_garden,
          nicolae_elemental_shop, kennysheep_donut
D:11:     layout_cross, lair_entry_dummy, orc_david_3,
          nicolae_trove_entry_path_of_doom, minmay_fountain_box,
          lemuel_oklob_altar
D:12:     layout_cave_pools, grunt_ministairs_9
D:13:     layout_roguey, david_vaults_1, chequers_serial_rivers_marsh
D:14:     layout_basic, serial_shops, shop, nemelex_xobeh_ov_fountains_minmay,
          nrook_mini_vaults, uniq_agnes, uniq_nessos
D:15:     grunt_enter_depths_magical_seal, layout_rooms, basic_altar,
          gammafunk_ghost_stat_death
Lair:1:   layout_regular_city, enter_volcano_4, gauntlet_entry_generic,
          hibernation_bobbens, infiniplex_staircase_pool_2, lemuel_fruit_fields,
          serial_bayou_shore_a
Lair:2:   dragon1_lemuel, layout_chaotic_city, serial_bayou_ford_a
Lair:3:   layout_roguey, minmay_shoals_entry_centaurs, zaba_antful_of_joy,
          grunt_megastairs_4
Lair:4:   layout_loops_ring, minmay_snake_entry_guardpost_small,
          hellmonk_ghost_happy_afterlife
Lair:5:   layout_layer_cave, lemuel_fruit_tree, uniq_rupert
Lair:6:   guppyfry_lair_end_dragon, layout_hall_layers, wormcave, slime_altar_2,
          minivault_11, nicolae_lair_yak_garden
Shoals:1: layout_shoals, nicolae_shoals_aquamancer_cove
Shoals:2: layout_shoals, gammafunk_ghost_cemetery
Shoals:3: layout_shoals, nicolae_shoals_water_shrine
Shoals:4: shoals_end_grunt_ice, layout_shoals
Snake:1:  layout_layer_cave, grunt_megastairs_2
Snake:2:  layout_misc_corridors, gammafunk_ghost_cemetery
Snake:3:  layout_gridlike
Snake:4:  minmay_snake_end_coiled, layout_onion, minmay_shop_star, uniq_aizul
Orc:1:    layout_diamond_mine, uniq_maurice, uniq_josephine, uniq_harold
Orc:2:    st_orc_open, layout_caves, basic_altar, uniq_donald
Elf:1:    layout_loops_corners, special_room [special_room_mythical_zoo],
          minmay_elf_demonology, serial_sigils_hangedman_etch,
          hangedman_research_metamorphosis, uniq_nikola
Elf:2:    layout_loops_cross, minmay_misc_feat_five
Elf:3:    minmay_elf_hall_furrowed, layout_onion_city, ebering_ghost_xom,
          hangedman_elven_crosses_minicolossus
Vaults:1: nicolae_vaults_know_your_exits, nicolae_vaults_puzzle_piece,
          nicolae_vaults_network_star, ontoclasm_vaults_hangar,
          nicolae_vaults_angled_halls, v_misc_3, hangedman_vaults_stagger,
          v_misc_3, hangedman_vaults_maws, vaults_dpeg_spiral,
          nicolae_vaults_little_squares_5, ontoclasm_vaults_ligature,
          serial_ice_m, layout_vaults_omnicross
Vaults:2: nicolae_vaults_hallways_thing, vaults_dpeg_ring,
          ontoclasm_vaults_tryst, vaults_room_ringed_pool,
          vaults_mumra_chevron_long, grunt_vaults_hallway_long,
          grunt_vaults_funnel, minmay_crypt_entry_necro_gods, v_misc_1,
          vaults_room_fours, vaults_room_door_ring, layout_vaults_chaotic_city,
          uniq_margery
Vaults:3: nicolae_vaults_arrows, vaults_room_pools, vaults_mumra_hex,
          v_alt_pattern_1, layout_vaults_omnigrid, serial_shops, shop
Vaults:4: v_misc_32, nicolae_vaults_ninety_degrees, ontoclasm_vaults_shuriken,
          st_cells, hangedman_vaults_nodes, v_misc_23, ontoclasm_vaults_idyll,
          vaults_dpeg_hooks, vaults_mumra_lcd, grunt_vaults_hallway_long,
          nicolae_vaults_rhombus_5, vaults_standard_mumra_enter_the_diamond,
          layout_vaults_ring, serial_shops, shop, nicolae_shop_behind_doors
Vaults:5
Depths:1: layout_basic, enter_ziggurat_b, hell_entry, kennysheep_another_room,
          minmay_misc_feat_cross, corexii_leaking_fountain, hex_tiny,
          nicolae_blasting_shop, grunt_tough_drop, minmay_shoptagon
Depths:2: minmay_the_grid_triangle_9x9_rhombus_full_mashed
          [minmay_the_grid_triangle_9x9_corruption,
          minmay_the_grid_triangle_9x9_flanged_cone,
          minmay_the_grid_triangle_9x9_zippers_horizontal,
          minmay_the_grid_triangle_9x9_odd_lines,
          minmay_the_grid_triangle_9x9_stretched_checkered,
          minmay_the_grid_triangle_9x9_intruding_spiral,
          minmay_the_grid_triangle_9x9_wacky_v,
          minmay_the_grid_triangle_9x9_prize_special], layout_cave_pools,
          hell_entry, serial_bayou_lagoon_a, serial_shops, shop, shop_fountains,
          shop, uniq_enchantress
Depths:3: lemuel_castle_with_subvaults [lemuel_castle_interior_carwin_2],
          layout_cave_pools, pf_hell_entry_tar_river,
          hangedman_decor_peaks_small, rand_demon_pan_entry_5, sword_in_stone,
          infiniplex_staircase_zigzag_3
Depths:4: onia_ninara_swampy_vault, layout_honeycomb, minmay_room_of_horrors,
          hell_entry, small_statue_intersection, uniq_mennas
Depths:5: grunt_twist_and_shout, layout_basic, hell_entry,
          hangedman_decor_points, serial_bayou_shore_b
Zot:1:    lemuel_draconian_sentries_small, layout_cathedral_of_symmetry
Zot:2:    layout_concentric_octagons
Zot:3:    layout_misc_corridors, grunt_megastairs_3
Zot:4:    layout_misc_corridors, zot_minivault_4
Zot:5:    layout_misc_corridors, grunt_ministairs_11

Skill      XL: |  1  2  3  4  5  6  7  8  9 10 11 12 13 14 15 16 17 18 19 20 21 22 23 24 25 26 |
---------------+-------------------------------------------------------------------------------+-----
Axes           | 3 4 6 7 9 11 14 15 16 17 18 | 18.0
Fighting       | 3 4 5 6 8 10 11 12 13 14 15 16 17 18 19 20 21 22 23 24 | 24.9
Shields        | 3 5 7 8 10 11 13 14 15 17 18 19 20 21 22 23 | 23.5
Invocations    | 2 4 5 6 8 9 10 11 12 | 12.8
Evocations     | 2 4 5 6 7 8 10 11 12 13 14 15 | 15.5
Armour         | 3 6 7 9 11 14 16 17 18 19 20 21 22 23 24 | 24.5
Dodging        | 3 5 7 9 10 11 12 | 12.4
Throwing       | 3 6 8 10 12 13 15 16 | 16.0
Spellcasting   | |  1.3
Translocations | |  2.1

Action                   |  1- 3 |  4- 6 |  7- 9 | 10-12 | 13-15 | 16-18 | 19-21 | 22-24 | 25-27 || total
-------------------------+-------+-------+-------+-------+-------+-------+-------+-------+-------++-------
Melee: Hand axe          |    91 |    84 |       |       |       |       |       |       |       ||   175
       Headbutt          |     9 |    15 |    44 |   123 |   294 |   305 |   316 |   282 |    97 ||  1485
       War axe           |       |    33 |   207 |   200 |       |       |       |       |       ||   440
       Broad axe         |       |       |       |   208 |  1007 |  1257 |  1291 |  1059 |   398 ||  5220
Throw: Dart              |       |    12 |       |       |       |       |       |       |       ||    12
       Boomerang         |       |       |     1 |     3 |       |    11 |       |    97 |     2 ||   114
       Javelin           |       |       |       |       |       |       |    85 |     9 |    55 ||   149
Invok: Recall Ancestor   |       |     1 |     1 |       |     1 |       |     4 |     2 |    11 ||    20
       Ancestor Life: He |       |     1 |       |       |       |       |       |       |       ||     1
       Idealise          |       |       |       |       |       |     2 |       |     1 |    11 ||    14
       Transference      |       |       |       |       |       |     1 |       |       |     4 ||     5
Evoke: Wand              |       |       |     3 |     6 |     6 |    12 |     1 |     6 |    16 ||    50
       Phial of floods   |       |       |       |       |     1 |       |     1 |     1 |       ||     3
       Tin of tremorston |       |       |       |       |     4 |     7 |     9 |    14 |       ||    34
       Condenser vane    |       |       |       |       |       |     3 |     4 |     9 |     6 ||    22
       Box of beasts     |       |       |       |       |       |     3 |     3 |     3 |       ||     9
  Use: Scroll            |     3 |    10 |     5 |    13 |    10 |    15 |    11 |    10 |    20 ||    97
       Potion            |       |       |     2 |     1 |       |     3 |     6 |     2 |    16 ||    30
 Stab: Confused          |       |       |     2 |       |     5 |     9 |    42 |    58 |    10 ||   126
       Paralysed         |       |       |     3 |     2 |    10 |    41 |    33 |    32 |     9 ||   130
       Distracted        |       |       |     1 |     3 |    11 |    14 |    11 |     9 |     6 ||    55
       Petrified         |       |       |       |       |     2 |       |       |       |       ||     2
Armor: Leather armour    |    13 |       |       |       |       |       |       |       |       ||    13
       Plate armour      |    25 |    78 |   124 |   235 |   321 |    23 |       |       |       ||   806
       Chain mail        |     3 |       |       |       |       |       |       |       |       ||     3
       Gold dragon scale |       |       |       |       |       |   402 |   423 |   360 |   116 ||  1301
Dodge: Dodged            |    49 |    37 |    40 |    75 |   156 |   205 |   168 |   248 |   105 ||  1083
Block: Buckler           |       |     7 |    44 |    25 |       |       |       |       |       ||    76
       Kite shield       |       |       |       |   108 |       |       |       |       |       ||   108
       Tower shield      |       |       |       |    76 |   724 |  1124 |   964 |   781 |   304 ||  3973

Table legend: (Time is in decaauts)
 A = Elapsed time spent in this place.
 B = Non-inter-level travel time spent in this place.
 C = Inter-level travel time spent in this place.
 D = Time resting spent in this place.
 E = Time spent auto-exploring this place.
 F = Levels seen in this place.
 G = Mean time per level.
                   A        B        C        D        E       F      G
               +--------+--------+--------+--------+--------+-----+--------+
         Total |  59007 |  55669 |   3338 |   4427 |  40011 |  53 | 1113.3 |
       Dungeon |  15179 |  13983 |   1196 |   1391 |  10196 |  15 | 1011.9 |
          Lair |   7013 |   6569 |    444 |      0 |   5412 |   6 | 1168.8 |
        Shoals |   5888 |   5695 |    193 |   1031 |   3429 |   4 | 1472.0 |
     Snake Pit |   6064 |   5862 |    202 |      0 |   4849 |   4 | 1516.0 |
  Orcish Mines |   1882 |   1606 |    276 |    143 |   1108 |   2 |  941.0 |
   Elven Halls |   5173 |   5041 |    132 |    433 |   3593 |   3 | 1724.3 |
        Vaults |   8661 |   8193 |    468 |    507 |   6104 |   5 | 1732.2 |
        Depths |   6465 |   6086 |    379 |    199 |   4371 |   5 | 1293.0 |
           Zot |   1239 |   1193 |     46 |    698 |     69 |   5 |  247.8 |
         Abyss |    681 |    681 |      0 |      0 |    344 |   3 |  227.0 |
      Gauntlet |    758 |    758 |      0 |     23 |    535 |   1 |  758.0 |
               +--------+--------+--------+--------+--------+-----+--------+

Top non-repeatable levels by time:
   Elf:3: 2616 daAuts
Vaults:5: 2087 daAuts
 Snake:4: 2065 daAuts
Shoals:3: 1826 daAuts
Vaults:2: 1743 daAuts
   Elf:1: 1724 daAuts
Vaults:3: 1697 daAuts
Depths:1: 1686 daAuts
Depths:3: 1683 daAuts
Vaults:4: 1629 daAuts
Shoals:4: 1593 daAuts
    D:10: 1513 daAuts
Vaults:1: 1503 daAuts
    D:11: 1501 daAuts
 Snake:1: 1428 daAuts
